 Dungeon Crawl Stone Soup version 0.30-a0-137-gd8773701ce (webtiles) character file.

Game seed: 1573096333584639312

335 Decritt the Ducker (level 6, -6/32 HPs)
             Began as a Spriggan Earth Elementalist on Sept 23, 2022.
             Mangled by Duvessa
             ... wielding a +0 rapier
              (11 damage)
             ... on level 4 of the Dungeon.
             The game lasted 00:12:54 (4528 turns).

Decritt the Ducker (Spriggan Earth Elementalist)    Turns: 4528, Time: 00:12:55

Health: -6/32      AC:  2    Str:  4    XL:     6   Next: 28%
Magic:  7/13       EV: 19    Int: 19    God:
Gold:   170        SH:  0    Dex: 15    Spells: 13/14 levels left

rFire   + . .      SeeInvis +    (weapon restricted)
rCold   . . .      Faith    .    (no shield)
rNeg    . . .      Spirit   .    a - +0 robe
rPois   .          Reflect  .    (helmet restricted)
rElec   .          Harm     .    (no cloak)
rCorr   .          Rampage  .    (gloves unavailable)
Will    +....                    (boots unavailable)
Stlth   ++........               (no amulet)
HPRegen 0.10/turn                q - ring of protection from fire
MPRegen 0.13/turn                (no ring)

@: very quick
A: very small, no large weapons, unfitting armour, see invisible, speed 3
a: no special abilities


You were on level 4 of the Dungeon.
You visited 1 branch of the dungeon, and saw 4 of its levels.

You collected 170 gold pieces.

Inventory:

Armour
 a - a +0 robe (worn)
 t - a +0 animal skin
Jewellery
 q - a ring of protection from fire (left hand)
Wands
 u - a wand of light (12)
Scrolls
 d - 8 scrolls of identify {unknown}
 g - a scroll of magic mapping {unknown}
 i - 3 scrolls of torment {unknown}
 o - a scroll of noise {unknown}
 p - a scroll of teleportation {unknown}
 s - a scroll of enchant armour {unknown}
Potions
 b - a potion of magic
 c - a potion of lignification {unknown}
 e - 2 potions of flight {unknown}
 f - a potion of ambrosia {unknown}
 h - a potion of degeneration {unknown}
 j - a potion of might {unknown}
 k - a potion of heal wounds {unknown}
 l - a potion of cancellation {unknown}
 m - a potion of curing {unknown}
 n - a potion of haste {unknown}
 r - a potion of brilliance {unknown}


   Skills:
 + Level 2.4 Fighting
 + Level 5.0 Dodging
 - Level 3.0 Stealth
 + Level 4.6 Spellcasting
 + Level 0.0 Conjurations
 - Level 1.3 Transmutations
 + Level 3.9 Earth Magic


You had 13 spell levels left.
You knew the following spells:

 Your Spells              Type           Power      Damage    Failure   Level
a - Sandblast             Erth           38%        2d10      2%          1

Your spell library contained the following spells:

 Spells                   Type           Power      Damage    Failure   Level
 Passwall                 Tmut/Erth      11%        N/A       7%          2
 Apportation              Tloc           8%         N/A       13%         1
 Stone Arrow              Conj/Erth      22%        3d8       17%         3
 Petrify                  Tmut/Erth      14%        N/A       41%         4
 Airstrike                Air            2%         2d(1-17)  78%         4
 Summon Lightning Spire   Summ/Air       4%         N/A       78%         4
 Alistair's Intoxication  Tmut/Pois      4%         N/A       95%         5
 Lightning Bolt           Conj/Air       2%         1d13      98%         5


Dungeon Overview and Level Annotations

Branches:
Dungeon (4/15)
 Temple: D:4-7

Altars:
Nemelex Xobeh

Annotations:
D:4 Dowan, Duvessa


Innate Abilities, Weirdness & Mutations

You are very small and have problems with some larger weapons.
You are too small for most types of armour.
You have supernaturally acute eyesight. (SInv)
You cover ground extremely quickly. (Speed+++)


Message History

Duvessa barely misses you.
Casting: Sandblast (safe; 2% risk of failure)
Confirm with . or Enter, or press ? or * to list all spells.
Aiming: Sandblast (safe; 2% risk of failure)
Press: ? - help, Shift-Dir - straight line, f/p - Duvessa
Aim: Duvessa, wielding a +0 rapier and wearing a +0 scale mail (moderately wounded, fast, 87% to hit)
The blast of sand hits Duvessa.
Duvessa is heavily wounded.
Duvessa closely misses you. Duvessa completely misses you.
Casting: Sandblast (safe; 2% risk of failure)
Confirm with . or Enter, or press ? or * to list all spells.
Aiming: Sandblast (safe; 2% risk of failure)
Press: ? - help, Shift-Dir - straight line, f/p - Duvessa
Aim: Duvessa, wielding a +0 rapier and wearing a +0 scale mail (heavily wounded, fast, 87% to hit)
The blast of sand hits Duvessa but does no damage.
Duvessa is heavily wounded.
Duvessa closely misses you. Duvessa misses you.
Casting: Sandblast (safe; 2% risk of failure)
Confirm with . or Enter, or press ? or * to list all spells.
Aiming: Sandblast (safe; 2% risk of failure)
Press: ? - help, Shift-Dir - straight line, f/p - Duvessa
Aim: Duvessa, wielding a +0 rapier and wearing a +0 scale mail (heavily wounded, fast, 87% to hit)
The blast of sand hits Duvessa but does no damage.
Duvessa is heavily wounded.
Duvessa hits you with a +0 rapier. Duvessa barely misses you.
Casting: Sandblast (safe; 2% risk of failure)
Confirm with . or Enter, or press ? or * to list all spells.
Aiming: Sandblast (safe; 2% risk of failure)
Press: ? - help, Shift-Dir - straight line, f/p - Duvessa
Aim: Duvessa, wielding a +0 rapier and wearing a +0 scale mail (heavily wounded, fast, 87% to hit)
The blast of sand hits Duvessa but does no damage.
Duvessa is heavily wounded.
Duvessa hits you with a +0 rapier!
* * * LOW HITPOINT WARNING * * *
Duvessa hits you with a +0 rapier!
* * * LOW HITPOINT WARNING * * *
Items here: ))) [ ÷.
There is a stone staircase leading up, spattered with blood here.
Duvessa hits you with a +0 rapier!
You die...

#. #####.#####. #..........
.# ##.........##.#
...........##.#
#.........##.#
#.........##.######
#........@#.......#
#......)e.#.......#
..###..)###.......#
#...###.......#
........#..##.......# ##
.......###......e†..#######.
....... ####...........e...
.....................#######
....................##


You could see Duvessa (fast).

Vanquished Creatures
  A necrophage (D:2)
  A gnoll bouda (D:3)
  Jessica (D:2)
  Terence (D:2)
  Robin (D:4)
  7 gnolls
  5 adders
  A worm (D:3)
  2 dart slugs (D:1)
  5 endoplasms
  A giant cockroach (D:2)
  6 hobgoblins
  2 jackals (D:2)
  4 quokkas
  4 ball pythons
  4 bats
  2 frilled lizards
  19 goblins
  3 kobolds
  6 rats
76 creatures vanquished.

Vanquished Creatures (others)
  2 fungi (D:3)
2 creatures vanquished.

Grand Total: 78 creatures vanquished

Notes
Turn   | Place    | Note
-------+----------+-------------------------------------------
     0 | D:1      | Decritt the Spriggan Earth Elementalist began the quest for
                  | the Orb.
     0 | D:1      | Reached XP level 1. HP: 9/9 MP: 5/5
   315 | D:1      | Reached skill level 3 in Dodging
   315 | D:1      | Reached XP level 2. HP: 14/14 MP: 4/6
  1009 | D:2      | Noticed Jessica
  1017 | D:2      | Killed Jessica
  1018 | D:2      | Reached skill level 1 in Fighting
  1018 | D:2      | Reached XP level 3. HP: 9/18 MP: 3/8
  1208 | D:2      | Noticed Terence
  1376 | D:2      | Killed Terence
  1377 | D:2      | Reached XP level 4. HP: 17/22 MP: 0/10
  1577 | D:2      | Noticed a necrophage
  1597 | D:2      | Killed a necrophage
  1598 | D:2      | Reached skill level 4 in Dodging
  1598 | D:2      | Reached XP level 5. HP: 26/26 MP: 6/12
  2461 | D:3      | Found a sparkling altar of Nemelex Xobeh.
  2862 | D:3      | Found a faded altar of an unknown god.
  3154 | D:4      | Noticed Robin
  3514 | D:3      | Reached XP level 6. HP: 12/30 MP: 6/13
  4256 | D:4      | Killed Robin
  4373 | D:4      | Reached skill level 5 in Dodging
  4491 | D:4      | Noticed Duvessa
  4493 | D:4      | Noticed Dowan
  4528 | D:4      | Mangled by Duvessa

Illustrated notes

Levels and vault maps discovered:
D:1:      roderic_crossed_star, layout_basic, serial_glass, glass_columns_b,
          glass_columns_a, glass_columns_b, glass_columns_c, glass_columns_b,
          glass_columns_b, glass_columns_a, glass_columns_b,
          hangedman_decor_points
D:2:      layout_rooms, uniq_jessica, uniq_terence
D:3:      layout_rooms, mainiacjoe_overflow_boulevard,
          shapermc_ecumenical_altar_hornbeckon
D:4:      layout_rooms, uniq_duvessa, uniq_robin

Skill      XL: |  1  2  3  4  5  6 |
---------------+-------------------+-----
Dodging        | 3 4 5 |  5.0
Spellcasting   | 3 4 |  4.6
Fighting       | 1 2 |  2.4
Earth Magic    | 3 |  3.9
Stealth        | |  3.0
Transmutations | |  1.3

Action                   |  1- 3 |  4- 6 || total
-------------------------+-------+-------++-------
Melee: Unarmed           |     6 |    66 ||    72
 Cast: Sandblast         |    51 |   103 ||   154
Armor: Robe              |     1 |     8 ||     9
Dodge: Dodged            |    31 |   124 ||   155

Table legend: (Time is in decaauts)
 A = Elapsed time spent in this place.
 B = Non-inter-level travel time spent in this place.
 C = Inter-level travel time spent in this place.
 D = Time resting spent in this place.
 E = Time spent auto-exploring this place.
 F = Levels seen in this place.
 G = Mean time per level.
                   A        B        C        D        E       F      G
               +--------+--------+--------+--------+--------+-----+--------+
         Total |   3960 |   3926 |     34 |   1806 |   1420 |   4 |  990.0 |
       Dungeon |   3960 |   3926 |     34 |   1806 |   1420 |   4 |  990.0 |
               +--------+--------+--------+--------+--------+-----+--------+

Top non-repeatable levels by time:
     D:3: 1653 daAuts
     D:2: 1095 daAuts
     D:1: 901 daAuts
     D:4: 309 daAuts
